 Dungeon Crawl Stone Soup version 0.16.0-18-g484a79e (console) character file.

87 gw the Twirler (level 4, 0/38 HPs)
             Began as a Minotaur Gladiator on Mar 23, 2015.
             Slain by a goblin (2 damage)
             ... led by Robin
             ... on level 2 of the Dungeon.
             The game lasted 00:01:48 (1460 turns).

gw the Twirler (Minotaur Gladiator)                 Turns: 1460, Time: 00:01:48

Health: 0/38       AC:  3    Str: 19    XL:     4   Next: 28%
Magic:  2/2        EV: 12    Int:  5    God:
Gold:   20         SH:  0    Dex: 12    Spells: 0 memorised, 3 levels left

rFire  . . .     SeeInvis .     a - +0 quarterstaff
rCold  . . .     Clarity  .     b - +0 leather armour
rNeg   . . .     SustAb   .     (no shield)
rPois  .         Gourm    .     c - +0 hat
rElec  .         Spirit   .     (no cloak)
rCorr  .         Warding  .     (no gloves)
rMut   .         Stasis   .     (no boots)
MR     .....                    (no amulet)
Stlth  +.........               (no ring)
                                (no ring)

@: not resistant to hostile enchantments, very unstealthy
A: retaliatory headbutt, horns 2
a: no special abilities


You were on level 2 of the Dungeon.
You were hungry.

You visited 1 branch of the dungeon, and saw 2 of its levels.

You collected 20 gold pieces.

Inventory:

Hand weapons
 a - a +0 quarterstaff (weapon)
Missiles
 d - 3 throwing nets
 g - 12 poisoned needles
 j - 99 stones
 q - 5 tomahawks (quivered)
Armour
 b - a +0 leather armour (worn)
 c - a +0 hat (worn)
Scrolls
 e - 2 scrolls of immolation
 k - 2 scrolls of identify
 m - a scroll of recharging {unknown}
 n - a scroll of fear {unknown}
 o - 5 scrolls of enchant armour {unknown}
 p - a scroll of fog {unknown}
Potions
 h - a potion of flight {unknown}
 i - a potion of agility
 l - a potion of curing {unknown}
 r - a potion of restore abilities {unknown}
Comestibles
 f - 2 bread rations


   Skills:
 + Level 3.1 Fighting
 * Level 5.1 Staves
 + Level 2.3 Throwing
 + Level 1.9 Armour
 - Level 3.2 Dodging


You had 3 spell levels left.
You didn't know any spells.

Dungeon Overview and Level Annotations

Branches:
Dungeon (2/15)

Altars:


Innate Abilities, Weirdness & Mutations

You reflexively headbutt those who attack you in melee.
You have a pair of horns on your head.


Message History

Unknown command.
ATTACK MOVE TO (-1,0)
You closely miss Robin. Robin closely misses you. The goblin barely misses you.
Unknown command.
Unknown command.
Unknown command.
Unknown command.
ATTACK MOVE TO (-1,0)
You closely miss Robin. You headbutt Robin!
Robin is severely wounded.
The goblin hits you.
Unknown command.
Unknown command.
Unknown command.
Unknown command.
ATTACK MOVE TO (-1,0)
You barely miss Robin. You headbutt Robin.
You kill Robin!
The goblin hits you.
You die...

## ... #. #.# ##. #.# #..
#.# ##..
###.########.##.######...
.......)Hg.#.##..........
#####.####.#.#########...
.............#########.#
####.####..)...).......#
#.# #....########### #.#
#.#..# #.# #.##.# ##.##
#....# ##...######.#


You could see a goblin (frenzied).

Table legend:
 A = Turns spent in this place as a percentage of turns spent in the entire game.
 B = Non-inter-level travel turns spent in this place as a percentage of non-inter-level travel turns spent in the entire game.
 C = Inter-level travel turns spent in this place as a percentage of turns spent in this place.
 D = Turns resting spent in this place as a percentage of non-inter-level travel turns spent in this place.
 E = Turns spent auto-exploring this place as a percentage of non-inter-level travel turns spent in this place.
 F = Non-inter-level travel turns spent in this place divided by the number of levels of this place that you've seen.
                   A       B       C       D       E      F
               +-------+-------+-------+-------+-------+----------------------
         Total | 100.0 | 100.0 |   0.1 |   0.9 |   2.9 | 1196.5
       Dungeon | 100.0 | 100.0 |   0.1 |   0.9 |   2.9 | 1196.5
               +-------+-------+-------+-------+-------+----------------------

Table legend:
 A = Kills in this place as a percentage of kills in entire the game.
 B = Kills by you in this place as a percentage of kills by you in the entire game.
 C = Kills by friends in this place as a percentage of kills by friends in the entire game.
 D = Other kills in this place as a percentage of other kills in the entire game.
 E = Experience gained in this place as a percentage of experience gained in the entire game.
 F = Experience gained in this place divided by the number of levels of this place that you have seen.
                   A       B       C       D       E      F
               +-------+-------+-------+-------+-------+----------------------
         Total | 100.0 | 100.0 |  -nan |  -nan | 100.0 |  62.5
       Dungeon | 100.0 | 100.0 |  -nan |  -nan | 100.0 |  62.5
               +-------+-------+-------+-------+-------+----------------------

Vanquished Creatures
  Robin (D:2)
  3 adders (D:2)
  A worm (D:2)
  An ooze (D:2)
  A ball python (D:2)
  5 bats (D:1)
  2 giant cockroaches
  7 goblins (D:2)
  8 hobgoblins
  A quokka (D:2)
  2 giant geckos (D:1)
  3 kobolds (D:1)
  6 rats (D:1)
41 creatures vanquished.

Notes
Turn   | Place    | Note
--------------------------------------------------------------
     0 | D:1      | gw, the Minotaur Gladiator, began the quest for the Orb.
     0 | D:1      | Reached XP level 1. HP: 18/18 MP: 1/1
   188 | D:1      | Reached skill level 4 in Staves
   225 | D:1      | Reached XP level 2. HP: 23/25 MP: 1/1
   300 | D:1      | Reached skill level 1 in Armour
   816 | D:2      | Reached XP level 3. HP: 27/30 MP: 2/2
  1376 | D:2      | Reached skill level 5 in Staves
  1441 | D:2      | Noticed Robin
  1442 | D:2      | Reached XP level 4. HP: 37/37 MP: 2/2
  1460 | D:2      | Killed Robin
  1460 | D:2      | Slain by a goblin

Action                   |  1- 3 |  4- 6 || total
-------------------------+-------+-------++-------
Melee: Quarterstaff      |    54 |    18 ||    72
Throw: Stone             |    40 |       ||    40
       Tomahawk          |    20 |       ||    20
  Use: Potion            |     3 |       ||     3
       Scroll            |     2 |       ||     2
  Eat: Chunk             |     1 |       ||     1

Vault maps used:
D:1:      lightli_arrival_lavapool
D:2:      uniq_terence, uniq_robin, uniq_crazy_yiuf_cottage
